 Dungeon Crawl Stone Soup version 0.29-a0-322-g68df515428 (webtiles) character file.

Game seed: 2859207082983799322

781 kae the Firebug (level 7, -2/40 HPs)
             Began as a Tengu Fire Elementalist on Apr 8, 2022.
             Was an Initiate of Sif Muna.
             Slain by an orc warrior
             ... wielding a +0 scimitar
              (20 damage)
             ... on level 4 of the Dungeon.
             The game lasted 00:03:30 (6164 turns).

kae the Firebug (Tengu Fire Elementalist)           Turns: 6164, Time: 00:03:30

Health: -2/40      AC:  5    Str:  8    XL:     7   Next: 85%
Magic:  7/13       EV: 16    Int: 24    God:    Sif Muna [......]
Gold:   133        SH:  0    Dex: 14    Spells: 6/12 levels left

rFire   + . .      SeeInvis +   g - staff of fire
rCold   . . .      Faith    .   (no shield)
rNeg    . . .      Spirit   .   a - +0 robe
rPois   .          Reflect  .   (helmet restricted)
rElec   .          Harm     .   n - +0 cloak
rCorr   .          Rampage  .   o - +1 pair of gloves
Will    .....                   (boots unavailable)
Stlth   ++........              j - amulet of regeneration
HPRegen 0.93/turn               c - ring of see invisible
MPRegen 0.13/turn               m - +6 ring of intelligence

@: flying quickly and evasively, quick
A: beak, talons 3, nimble flight
a: Renounce Religion


You were on level 4 of the Dungeon.
You worshipped Sif Muna.
Sif Muna was noncommittal.
You visited 1 branch of the dungeon, and saw 4 of its levels.
You also visited: Sewer.

You collected 218 gold pieces.
You spent 85 gold pieces at shops.

Inventory:

Hand Weapons
 d - a +0 dagger
Armour
 a - a +0 robe (worn)
 n - a +0 cloak (worn)
 o - a +1 pair of gloves (worn)
Magical Staves
 g - a staff of fire (weapon)
Jewellery
 c - a ring of see invisible (left hand)
 j - an amulet of regeneration (around neck)
 k - a ring of wizardry
 m - a +6 ring of intelligence (right hand)
 t - a ring of magical power
Scrolls
 r - a scroll of teleportation
Potions
 b - 4 potions of magic
 e - 3 potions of curing
 f - a potion of attraction
 h - 4 potions of heal wounds
 i - a potion of flight
 l - 2 potions of might
 p - a potion of invisibility
 q - 2 potions of haste
 s - a potion of brilliance {unknown}
 u - 2 potions of degeneration {unknown}


   Skills:
 + Level 2.6 Fighting
 + Level 2.8 Staves
 + Level 3.0 Armour
 + Level 3.9 Dodging
 - Level 2.0 Stealth
 + Level 3.3 Spellcasting
 + Level 4.2 Conjurations
 + Level 4.9 Fire Magic
 + Level 2.1 Evocations


You had 6 spell levels left.
You knew the following spells:

 Your Spells              Type           Power      Damage    Failure   Level
a - Foxfire               Conj/Fire      100%       2x1d9     1%          1
b - Scorch                Fire           82%        2d9       2%          2
c - Conjure Flame         Conj/Fire      38%        6-21      4%          3

Your spell library contained the following spells:

 Spells                   Type           Power      Damage    Failure   Level
 Beastly Appendage        Tmut           8%         N/A       11%         1
 Inner Flame              Hex/Fire       23%        N/A       12%         3
 Wereblood                Tmut           4%         N/A       16%         2
 Flame Wave               Conj/Fire      38%        2d9       16%         4
 Spider Form              Tmut/Pois      4%         N/A       30%         3
 Malign Gateway           Summ/Tloc      2%         N/A       100%        7
 Summon Horrible Things   Summ           2%         N/A       100%        8


Dungeon Overview and Level Annotations

Branches:
Dungeon (4/15)              Sewer (visited)
 Temple: D:4-7

Altars:
Fedhas
Okawaru
Sif Muna

Shops:
D:1 !   D:3 ?=


Innate Abilities, Weirdness & Mutations

You have a beak for a mouth.
You have claws for feet.
Your magical nature lets you fly swiftly and evasively.


Message History

Casting: Foxfire (safe; 1% risk of failure)
Confirm with . or Enter, or press ? or * to list all spells.
You feel a surge of power!
You conjure some foxfire!
The foxfire hits the orc warrior.
The orc warrior is lightly wounded.
The foxfire hits the orc warrior but does no damage.
The orc warrior is lightly wounded.
Casting: Foxfire (safe; 1% risk of failure)
Confirm with . or Enter, or press ? or * to list all spells.
You feel a surge of power!
You conjure some foxfire!
The orc warrior barely misses you.
The foxfire hits the orc warrior.
The orc warrior is moderately wounded.
The foxfire hits the orc warrior.
The orc warrior is moderately wounded.
The orc warrior completely misses you.
Casting: Foxfire (safe; 1% risk of failure)
Confirm with . or Enter, or press ? or * to list all spells.
You feel a surge of power!
You conjure some foxfire!
The orc warrior misses you.
The foxfire hits the orc warrior!
The orc warrior is heavily wounded.
The foxfire hits the orc warrior but does no damage.
The orc warrior is heavily wounded.
The orc warrior barely misses you.
Casting: Foxfire (safe; 1% risk of failure)
Confirm with . or Enter, or press ? or * to list all spells.
You feel a surge of power!
Flames lash the orc warrior.
The orc warrior is heavily wounded.
The orc warrior's fire resistance burns away.
The orc warrior hits you with a +0 scimitar.
The orc warrior hits you with a +0 scimitar!!
Casting: Scorch (safe; 2% risk of failure)
Confirm with . or Enter, or press ? or * to list all spells.
You feel a surge of power!
Flames lash the orc warrior.
The orc warrior is burned terribly!
The orc warrior is almost dead.
The orc warrior hits you with a +0 scimitar!!
Ouch! That really hurt!
You die...

#.#
#........###.#####.#'#.###
#.####........#
#..............
#...†.........#
########......#
#†............# #......#
###.........<...# #......#
................##
#......#
.###.............#
#......# .#
#.............# #......#
†# #............@#
#......# .#
#......######o# #....###
.# #...#### #.# #....# ##
#...# #)# #....# #...# #.#
####.# #...# #.# #.# #...#
#.# #.### #...# #.#
########.... ##### #..
........####


You could see an orc warrior (combustible).

Vanquished Creatures
  Grinder (D:4)
  3 kobold brigands (Sewer)
  2 hounds (D:4)
  Jessica (D:2)
  An iguana (D:4)
  An orc wizard (D:4)
  9 adders
  A river rat (Sewer)
  5 worms
  14 dart slugs
  7 orcs (D:4)
  11 endoplasms
  5 giant cockroaches
  8 goblins
  4 hobgoblins
  7 jackals
  4 quokkas
  7 ball pythons
  2 bats (D:3)
  3 frilled lizards
  10 kobolds
  8 rats
114 creatures vanquished.

Vanquished Creatures (others)
  337 foxfires
337 creatures vanquished.

Grand Total: 451 creatures vanquished

Notes
Turn   | Place    | Note
-------+----------+-------------------------------------------
     0 | D:1      | kae the Tengu Fire Elementalist began the quest for the
                  | Orb.
     0 | D:1      | Reached XP level 1. HP: 10/10 MP: 4/4
   166 | D:1      | Reached XP level 2. HP: 16/16 MP: 0/6
   321 | D:1      | Found a faded altar of an unknown god.
   744 | D:1      | Reached XP level 3. HP: 14/20 MP: 4/7
  1028 | D:1      | Reached skill level 1 in Armour
  1269 | D:1      | Reached skill level 1 in Fighting
  1700 | D:1      | Found Uczeih's Distillery.
  1709 | D:1      | Bought a potion of curing for 33 gold pieces
  2037 | D:2      | Learned a level 2 spell: Scorch
  2095 | D:2      | Learned a level 3 spell: Conjure Flame
  2151 | D:2      | Reached XP level 4. HP: 24/25 MP: 5/8
  2805 | D:2      | Noticed Jessica
  2809 | D:2      | Killed Jessica
  2810 | D:2      | Gained mutation: Your magical nature lets you fly swiftly
                  | and evasively. [Tengu growth]
  2810 | D:2      | Reached XP level 5. HP: 17/29 MP: 0/9
  3259 | D:3      | Found an iron altar of Okawaru.
  3465 | D:3      | Found Romav's Jewellery Emporium.
  3470 | D:3      | Reached skill level 1 in Staves
  3637 | D:3      | Found a blossoming altar of Fedhas.
  3690 | D:3      | Found a glowing drain.
  3696 | Sewer    | Entered a sewer
  3891 | Sewer    | Noticed a kobold brigand
  3893 | Sewer    | Noticed a kobold brigand
  3899 | Sewer    | Killed a kobold brigand
  3900 | Sewer    | Reached skill level 1 in Evocations
  3900 | Sewer    | Reached XP level 6. HP: 35/35 MP: 5/11
  4718 | D:3      | Found Muffiuce's Magic Scroll Emporium.
  4729 | D:3      | Bought a scroll of identify for 26 gold pieces
  4729 | D:3      | Bought a scroll of identify for 26 gold pieces
  5110 | D:4      | Reached XP level 7. HP: 40/40 MP: 5/12
  5218 | D:4      | Noticed Grinder
  5242 | D:4      | Killed Grinder
  5511 | D:4      | Found a shimmering blue altar of Sif Muna.
  5559 | D:4      | Became a worshipper of Sif Muna the Loreminder
  6164 | D:4      | Slain by an orc warrior

Illustrated notes

Levels and vault maps discovered:
D:1:      erik_arrival_blinker_ship, layout_basic, serial_shops, shop,
          nicolae_ecumenical_lake_church
D:2:      minmay_door_path, layout_loops_ring, uniq_jessica
D:3:      layout_loops_ring, okawaru_trees_2, fedhas_altar_2,
          portal_sewer_entry_d, serial_shops, nicolae_lakefront_shop,
          nicolae_shop_hallway_plus
D:4:      kennysheep_slugbush, layout_basic, nicolae_overflow_crystal_walls,
          uniq_grinder

Skill      XL: |  1  2  3  4  5  6  7 |
---------------+----------------------+-----
Conjurations   | 2 3 4 |  4.2
Armour         | 1 2 3 |  3.0
Fighting       | 1 2 |  2.6
Fire Magic     | 4 |  4.9
Dodging        | 3 |  3.9
Staves         | 1 2 |  2.8
Evocations     | 1 2 |  2.1
Spellcasting   | 3 |  3.3
Stealth        | |  2.0

Action                   |  1- 3 |  4- 6 |  7- 9 || total
-------------------------+-------+-------+-------++-------
Melee: Unarmed           |     8 |       |       ||     8
       Dagger            |    15 |       |       ||    15
       Kick              |     8 |     2 |       ||    10
       Peck              |     5 |     3 |     2 ||    10
       Staff             |       |    10 |     3 ||    13
 Cast: Foxfire           |    62 |    91 |    51 ||   204
       Scorch            |       |    11 |     3 ||    14
  Use: Scroll            |       |    10 |       ||    10
       Potion            |       |     3 |       ||     3
 Stab: Sleeping          |       |     1 |       ||     1
Armor: Robe              |     3 |     5 |     3 ||    11
Dodge: Dodged            |    23 |    14 |    14 ||    51

Table legend: (Time is in decaauts)
 A = Elapsed time spent in this place.
 B = Non-inter-level travel time spent in this place.
 C = Inter-level travel time spent in this place.
 D = Time resting spent in this place.
 E = Time spent auto-exploring this place.
 F = Levels seen in this place.
 G = Mean time per level.
                   A        B        C        D        E       F      G
               +--------+--------+--------+--------+--------+-----+--------+
         Total |   5988 |   5849 |    139 |      5 |   5029 |   5 | 1197.6 |
       Dungeon |   5244 |   5105 |    139 |      5 |   4407 |   4 | 1311.0 |
         Sewer |    744 |    744 |      0 |      0 |    622 |   1 |  744.0 |
               +--------+--------+--------+--------+--------+-----+--------+

Top non-repeatable levels by time:
     D:1: 1924 daAuts
     D:2: 1201 daAuts
     D:3: 1061 daAuts
     D:4: 1057 daAuts
   Sewer: 744 daAuts
